AoeStats
← Stalin

Arena

510052265Analyzed
2v2 RM · 5d ago on Sep 29, 2026· 61m 0s· 4 players
Game mode
Random Map
Map size
Medium (4 player)
Population
200
Speed
Normal
Resources
Standard
Victory
Conquest
Starting age
Dark Age
Ending age
Imperial Age
RankedLock teamsTeams togetherTeam positionsShared explorationLock speedFull tech treeHidden civsTurbo modeCheats
Victory
Defeat
🇪🇸 Mapuche · Spain
913
+14
🇲🇾 Cumans · Malaysia
908
+15
🇺🇸 Turks · United States
906
-38
🇺🇸 Franks · United States
854
-38
Stalin
11:56 Feudal Age
11:57 Loom
14:08 Wheelbarrow
16:23 Castle Age
16:43 Double-Bit Axe
33:21 Bow Saw
33:27 Scale Barding Armor
33:23 Scale Mail Armor
33:34 Forging
33:19 Fletching
35:25 Chain Barding Armor
35:20 Chain Mail Armor
41:38 Light Cavalry
42:19 Husbandry
45:19 Imperial Age
44:58 Hand Cart
46:57 Stone Mining
46:58 Gold Mining
46:39 Cavalier
47:45 Caravan
50:56 Chivalry
50:17 Ordonnance Companies
50:31 Cranequins
54:13 Heavy Mounted Crossbowman
56:52 Padded Archer Armor
SchlonkFl1pper
11:21 Feudal Age
15:17 Castle Age
13:43 Double-Bit Axe
14:20 Horse Collar
23:12 Forging
24:12 Husbandry
27:52 Wheelbarrow
29:07 Fletching
31:57 Imperial Age
30:34 Bloodlines
30:21 Loom
30:52 Hand Cart
33:15 Scale Barding Armor
33:45 Iron Casting
33:19 Bodkin Arrow
34:49 Heavy Camel Rider
36:38 Chain Barding Armor
37:19 Blast Furnace
49:47 Caravan
50:12 Thumb Ring
50:45 Plate Barding Armor
50:12 Padded Archer Armor
53:35 Artillery
55:50 Blast Furnace
54:51 Bracer
55:06 Leather Archer Armor
56:09 Leather Archer Armor
说中文
0:51 Loom
12:39 Feudal Age
17:13 Castle Age
20:59 Double-Bit Axe
20:56 Horse Collar
22:51 Bow Saw
23:57 Bloodlines
27:52 Imperial Age
26:11 Bloodlines
26:12 Scale Barding Armor
26:25 Town Watch
27:40 Forging
28:22 Elite Steppe Lancer
30:00 Chain Barding Armor
30:48 Conscription
31:10 Iron Casting
32:15 Wheelbarrow
34:21 Plate Barding Armor
35:07 Blast Furnace
39:27 Pikeman
40:07 Squires
39:53 Arson
41:39 Hand Cart
43:02 Halberdier
44:24 Scale Mail Armor
45:50 Two-Man Saw
45:47 Chain Mail Armor
46:59 Plate Mail Armor
52:46 Capped Ram
54:05 Siege Ram
55:37 Caravan
60:32 Fletching
60:44 Padded Archer Armor
Lucuman
7:51 Loom
10:48 Feudal Age
15:12 Castle Age
13:49 Double-Bit Axe
13:44 Horse Collar
18:34 Wheelbarrow
17:59 Town Watch
19:00 Forging
21:53 Elite Skirmisher
25:10 Bow Saw
26:24 Pikeman
27:36 Scale Mail Armor
29:21 Heavy Plow
30:39 Town Watch
34:31 Gold Mining
35:56 Chain Mail Armor
42:44 Iron Casting
43:59 Gold Shaft Mining
44:25 Fletching
44:37 Padded Archer Armor
49:34 Malon
51:44 Bodkin Arrow
53:42 Hand Cart
60:28 Imperial Age
58:49 Champi Runner
60:11 Leather Archer Armor
59:44 Champi Warrior
Connection lost

Rejoining the realm…

Still unreachable

The connection could not be restored.

Session expired

The server has moved on; the page needs a fresh start.